[Event "ICCopen2016"]
[Site "Internet Chess Club"]
[Date "2016.06.04"]
[Round "7"]
[White "saira"]
[Black "GreyWarden"]
[Result "0-1"]
[ICCResult "White resigns"]
[WhiteElo "1766"]
[BlackElo "2055"]
[Opening "Giuoco Pianissimo"]
[ECO "C50"]
[NIC "IG.02"]
[Time "15:10:29"]
[TimeControl "180+0"]

1. e4 e5 2. Nf3 Nc6 3. Bc4 Bc5 4. d3 Nf6 5. c3 d6 6. Bb3 a6 7. Qe2 h6 8.
Nbd2 O-O 9. Nc4 Be6 10. Ne3 d5 11. exd5 Nxd5 12. Nxd5 Bxd5 13. Bxd5 Qxd5 14.
O-O Rad8 15. Rd1 e4 16. Ne1 Rfe8 17. d4 Bb6 18. Be3 f5 19. g3 Qf7 20. Ng2
Ne7 21. h4 Nd5 22. Nf4 Nxe3 23. fxe3 c5 24. Kg2 cxd4 25. cxd4 Bc7 26. Rac1
Rc8 27. a3 Bxf4 28. gxf4 Qf6 29. Kh3 Rc6 30. Rc4 Rec8 31. Rdc1 Kh8 32. Rxc6
Rxc6 33. Rxc6 Qxc6 34. Qh5 Qc1 35. Qxf5 Qxe3+ 36. Kh2 Qf2+ 37. Kh3 Qxd4 38.
Qf8+ Kh7 39. Qf5+ g6 40. Qf7+ Qg7 41. Qe6 Qxb2 42. Qxe4 Qxa3+ 43. Kh2 Qb2+
44. Kh3 Qg7 45. f5 Qd7 46. Qe6 Qxe6 47. fxe6 Kg7 48. h5 g5 {White resigns}
0-1

[Event "ICCopen2016"]
[Site "Internet Chess Club"]
[Date "2016.06.04"]
[Round "7"]
[White "doug50"]
[Black "EEJ"]
[Result "0-1"]
[ICCResult "White resigns"]
[WhiteElo "1278"]
[BlackElo "1709"]
[Opening "Levitsky attack (Queen's bishop attack)"]
[ECO "D00"]
[NIC "QP.08"]
[Time "15:10:17"]
[TimeControl "180+0"]

1. d4 d5 2. Bg5 f6 3. Bh4 g5 4. Bg3 h5 5. h3 h4 6. Bh2 Nc6 7. Nf3 Bf5 8. c3
e6 9. e3 Bd6 10. Bxd6 cxd6 11. Bd3 Bxd3 12. Qxd3 Nge7 13. Nbd2 Qb6 14. Qc2
O-O-O 15. O-O-O Kb8 16. Kb1 e5 17. dxe5 fxe5 18. Rhg1 Rhg8 19. Nb3 Rc8 20.
Nbd2 Qa5 21. Qb3 a6 22. Qc2 Nb4 23. Qb3 Nd3 24. Rdf1 Rcf8 25. Qc2 e4 26. Nd4
Nc6 27. Nxc6+ bxc6 28. Nb3 Qb6 29. f4 g4 30. hxg4 Rxg4 31. Nc1 Qxe3 32. Nxd3
Qxd3 33. Qxd3 exd3 34. Kc1 c5 35. Kd2 c4 36. b3 Rgxf4 37. bxc4 Rxf1 38. Rxf1
Rxf1 39. Kxd3 dxc4+ 40. Kxc4 Rf2 41. g4 Rg2 42. Kd5 Kc7 43. c4 Rxg4 44. c5
dxc5 45. Kxc5 Kb7 46. Kd5 Rg2 47. a4 h3 48. Kc4 h2 49. Kd4 Rg4+ 50. Kd5 Rxa4
51. Kd6 Rg4 52. Ke6 Rg1 {White resigns} 0-1

[Event "ICCopen2016"]
[Site "Internet Chess Club"]
[Date "2016.06.04"]
[Round "7"]
[White "TasteOflover"]
[Black "Danya"]
[Result "0-1"]
[ICCResult "White resigns"]
[WhiteElo "2877"]
[BlackElo "3036"]
[Opening "English opening"]
[ECO "A20"]
[NIC "EO.24"]
[Time "15:10:02"]
[TimeControl "180+0"]

1. c4 e5 2. g3 Nc6 3. Bg2 Bc5 4. Nc3 a6 5. e3 d6 6. Nge2 Ba7 7. O-O h5 8. d4
h4 9. d5 Nce7 10. e4 Ng6 11. Qd3 hxg3 12. hxg3 Nf6 13. Bg5 Rh5 14. Qd2 Bg4
15. Be3 Bxe3 16. Qxe3 Qd7 17. f3 Bh3 18. Rf2 Bxg2 19. Rxg2 c5 20. dxc6 bxc6
21. Rd1 c5 22. Nd5 Nxd5 23. exd5 Ke7 24. Kf2 Rah8 25. Rdg1 Rh2 26. Qg5+ Ke8
27. Nc3 R8h5 28. Qe3 Ne7 29. g4 R5h3 30. Ne4 Ng6 31. Rxh2 Rxh2+ 32. Rg2 Rh8
33. Ke1 Nf4 34. Rf2 Rh1+ 35. Kd2 Qa4 36. Qb3 Qxb3 37. axb3 Ke7 38. Ng3 Rb1
39. Kc2 Rxb2+ 40. Kxb2 Nd3+ 41. Ka3 Nxf2 42. Nf5+ Kd7 43. Nxg7 e4 44. fxe4
Nxg4 45. Nh5 Nf2 46. Ng3 Kc7 47. Ka4 Kb6 48. Ka3 Ka5 49. Nf5 Nxe4 50. Ne7
Kb6 51. Ka4 Nc3+ 52. Ka3 Ne4 53. Nf5 Kc7 54. Ka4 Nd2 55. Ne7 Kd7 56. Nf5 Nf3
57. Ka5 Nd4 58. Ne3 Nxb3+ 59. Kxa6 Nd4 60. Kb6 f5 61. Ng2 Ne2 62. Nh4 f4 63.
Ka5 Nd4 {White resigns} 0-1

[Event "ICCopen2016"]
[Site "Internet Chess Club"]
[Date "2016.06.04"]
[Round "7"]
[White "mrquinn"]
[Black "toguho"]
[Result "0-1"]
[ICCResult "White forfeits on time"]
[WhiteElo "1351"]
[BlackElo "1544"]
[Opening "Queen's pawn: Charlick (Englund) gambit"]
[ECO "C21"]
[NIC "QO.17"]
[Time "15:09:42"]
[TimeControl "180+0"]

1. d4 e5 2. e4 Nc6 3. dxe5 Nxe5 4. Nc3 Bc5 5. Bf4 Ng6 6. Bg3 N8e7 7. f4 Nc6
8. Nf3 O-O 9. Qd2 Bb4 10. O-O-O a5 11. h4 a4 12. h5 Nge7 13. h6 g6 14. Bc4
d6 15. f5 gxf5 16. Nh4 Ne5 17. Bxe5 dxe5 18. Qe1 f4 19. Rxd8 Rxd8 20. Nf5
Ng6 21. g3 c6 22. gxf4 exf4 23. Rg1 b5 24. Bd3 a3 25. Qf1 Be6 26. Qxf4 axb2+
27. Kxb2 Bxc3+ 28. Kxc3 Rxa2 29. Kd2 c5 30. Qe5 Kf8 31. Qg7+ Ke8 32. Rxg6
hxg6 33. h7 Kd7 34. h8=Q Rxh8 35. Qxh8 gxf5 36. Qf6 c4 37. e5 c3+ 38. Kxc3
b4+ 39. Kd2 Ra7 40. Bb5+ Kc7 41. Qe7+ Kb6 42. Qxa7+ Kxa7
{White forfeits on time}
0-1

[Event "ICCopen2016"]
[Site "Internet Chess Club"]
[Date "2016.06.04"]
[Round "7"]
[White "searchforbobby1"]
[Black "abroz"]
[Result "0-1"]
[ICCResult "White forfeits on time"]
[WhiteElo "2110"]
[BlackElo "2545"]
[Opening "Robatsch (modern) defense"]
[ECO "B06"]
[NIC "KF.05"]
[Time "15:10:02"]
[TimeControl "180+0"]

1. e4 g6 2. d4 Bg7 3. c3 d6 4. f4 Nf6 5. Bd3 O-O 6. Nf3 Nc6 7. O-O e5 8. d5
Ne7 9. fxe5 dxe5 10. Bg5 h6 11. Bh4 Nh5 12. c4 c6 13. Nc3 cxd5 14. Nxd5 g5
15. Bf2 Nxd5 16. cxd5 Nf4 17. Bc4 Bg4 18. Be3 Rc8 19. Rc1 Qa5 20. a3 b5 21.
Ba2 Rxc1 22. Bxc1 Rc8 23. Bxf4 exf4 24. Qe2 Qb6+ 25. Kh1 Qe3 26. Qxb5 Qxe4
27. d6 Rd8 28. Bd5 Qf5 29. h3 Bxf3 30. Bxf3 Rxd6 31. Qb8+ Bf8 32. Re1 Qc5
33. Re8 Rb6 34. Qd8 Rxb2 35. Qd1 Qxa3 36. Re1 Qb4 37. Bh5 a5 38. Rf1 a4 39.
Qd5 Qb3 40. Qf5 Qe6 41. Qd3 a3 {White forfeits on time} 0-1

[Event "ICCopen2016"]
[Site "Internet Chess Club"]
[Date "2016.06.04"]
[Round "7"]
[White "LastKeks"]
[Black "BlitzorDDD"]
[Result "1/2-1/2"]
[ICCResult "Game drawn by mutual agreement"]
[WhiteElo "3103"]
[BlackElo "3024"]
[Opening "Ruy Lopez: closed, 7...O-O"]
[ECO "C88"]
[NIC "RL.17"]
[Time "15:10:27"]
[TimeControl "180+0"]

1. e4 e5 2. Nf3 Nc6 3. Bb5 a6 4. Ba4 Nf6 5. O-O Be7 6. Re1 b5 7. Bb3 O-O 8.
h3 Bb7 9. d3 d5 10. exd5 Nxd5 11. Nc3 Nxc3 12. bxc3 Bf6 13. a4 e4 14. Rxe4
Bxc3 15. Rb1 Nd4 16. Nxd4 Bxe4 17. Ne2 Bf6 18. Ba3 Bc6 19. axb5 axb5 20.
Bxf8 Qxf8 21. Ng3 g6 22. Ne4 Bxe4 23. dxe4 Rd8 24. Qf3 Kg7 25. Bd5 Qe8 26.
g3 c6 27. e5 Qxe5 28. Bxc6 Rd2 29. Bxb5 Qc5 30. c3
{Game drawn by mutual agreement}
1/2-1/2

[Event "ICCopen2016"]
[Site "Internet Chess Club"]
[Date "2016.06.04"]
[Round "7"]
[White "SIRPALADIN"]
[Black "LittleMaster"]
[Result "0-1"]
[ICCResult "White resigns"]
[WhiteElo "1904"]
[BlackElo "2345"]
[Opening "Old Benoni defense"]
[ECO "A43"]
[NIC "OI.09"]
[Time "15:10:04"]
[TimeControl "180+0"]

1. d4 c5 2. d5 e6 3. c4 d6 4. Nc3 Nf6 5. e4 Be7 6. h3 O-O 7. Bd3 Nbd7 8. Nf3
Ne5 9. Nxe5 dxe5 10. O-O exd5 11. exd5 h6 12. f4 exf4 13. Bxf4 Bd6 14. Qd2
a6 15. a4 Qc7 16. Bxh6 Be5 17. Bg5 Nh7 18. Bf4 Bd4+ 19. Kh1 Qd8 20. Qe2 g6
21. Qf3 Qh4 22. Bg3 Qh6 23. Rae1 Ng5 24. Qf4 Bg7 25. Ne4 Nxe4 26. Qxh6 Nxg3+
27. Kg1 Bxh6 28. Rf3 Nh5 29. g4 Nf4 30. Bf1 g5 31. Re7 Bg7 32. h4 Bf6 33.
Re4 Bxg4 34. Rg3 Bf5 35. Rxf4 Bd4+ 36. Kh1 Bg6 37. Rxg5 Be3 38. Rfg4 Bxg5
39. Rxg5 Kh7 40. h5 Be4+ 41. Kh2 f5 42. Rg6 Rg8 43. Rd6 Rg7 44. h6 Rg6 45.
Rd7+ Kxh6 46. Rxb7 Kg5 47. Bh3 Rh8 48. Rc7 Kf4 49. Rc6 Rg2+ {White resigns}
0-1

[Event "ICCopen2016"]
[Site "Internet Chess Club"]
[Date "2016.06.04"]
[Round "7"]
[White "shredded"]
[Black "EirikG"]
[Result "1/2-1/2"]
[ICCResult "Black stalemated"]
[WhiteElo "2794"]
[BlackElo "2531"]
[Opening "King's Indian: Sämisch, Panno main line"]
[ECO "E84"]
[NIC "KI.35"]
[Time "15:10:30"]
[TimeControl "180+0"]

1. d4 Nf6 2. c4 g6 3. Nc3 Bg7 4. e4 O-O 5. Be3 d6 6. f3 Nc6 7. Nge2 a6 8.
Qd2 Rb8 9. Rc1 Re8 10. Nd1 Bd7 11. Nf2 b5 12. c5 dxc5 13. Rxc5 e6 14. Bg5
Ne7 15. Ng3 Rb6 16. Be2 Rc6 17. Rxc6 Bxc6 18. O-O Bb7 19. Rd1 Qd7 20. Qc1
Nc6 21. Be3 Rd8 22. Bf1 h5 23. Ne2 Qe7 24. Bg5 Qd7 25. e5 Nd5 26. Bxd8 Qxd8
27. Ne4 Nce7 28. Nc5 Bc8 29. Ng3 h4 30. Nge4 Nf5 31. Qg5 Qxg5 32. Nxg5 Bf8
33. Nge4 Kg7 34. Kf2 g5 35. g3 hxg3+ 36. hxg3 Kg6 37. Bd3 Nb4 38. Bb1 Nc6
39. g4 Nfxd4 40. Ke3 Nf5+ 41. gxf5+ exf5 42. Nd7 Be7 43. Ng3 Bxd7 44. Rxd7
Bc5+ 45. Ke2 Nd4+ 46. Rxd4 Bxd4 47. Bxf5+ Kg7 48. b3 Bxe5 49. Ne4 f6 50. Kd3
Kh6 51. Bc8 a5 52. Bd7 a4 53. bxa4 bxa4 54. Bxa4 Kh5 55. Bd7 Kh4 56. a4 f5
57. Bxf5 c5 58. Bg4 c4+ 59. Kxc4 Bc7 60. Kb5 Bd8 61. a5 Bxa5 62. Kxa5
{Black stalemated}
1/2-1/2

[Event "ICCopen2016"]
[Site "Internet Chess Club"]
[Date "2016.06.04"]
[Round "7"]
[White "yucatan3000"]
[Black "The7thGuest"]
[Result "1-0"]
[ICCResult "Black checkmated"]
[WhiteElo "1815"]
[BlackElo "2130"]
[Opening "Queen's pawn game"]
[ECO "A45"]
[NIC "QP.07"]
[Time "15:10:17"]
[TimeControl "180+0"]

1. d4 Nf6 2. c3 g6 3. Nf3 Bg7 4. Bf4 O-O 5. e3 d6 6. Nbd2 Nbd7 7. Bg3 Re8 8.
Bc4 c6 9. Qc2 b5 10. Bd3 Bb7 11. h4 h5 12. O-O-O Nf8 13. Ng5 a5 14. e4 e5
15. f4 Ng4 16. Rde1 exd4 17. cxd4 Bxd4 18. Ndf3 Bg7 19. e5 dxe5 20. fxe5 Qd5
21. Kb1 Ne6 22. Bxg6 fxg6 23. Qxg6 Nxg5 24. Nxg5 Nh6 25. Qh7+ Kf8 26. Rhf1+
Ke7 27. Qxg7+ Kd8 28. Qxh6 Kc7 29. Qd6+ Kb6 30. Qxd5 cxd5 31. Rf6+ Kc5 32.
Bf2+ Kc4 33. Rc1+ Kd3 34. Rf3+ Ke2 35. Rc2+ Kf1 36. Bd4+ Ke1 37. Rff2 Rac8
38. Rce2+ Kd1 39. Rd2+ Ke1 40. Nf3# {Black checkmated} 1-0

[Event "ICCopen2016"]
[Site "Internet Chess Club"]
[Date "2016.06.04"]
[Round "7"]
[White "chessasuke91"]
[Black "mathman"]
[Result "1-0"]
[ICCResult "Black forfeits on time"]
[WhiteElo "2705"]
[BlackElo "2337"]
[Opening "King's Indian: fianchetto without c4"]
[ECO "A49"]
[NIC "QP.06"]
[Time "15:10:24"]
[TimeControl "180+0"]

1. d4 Nf6 2. Nf3 g6 3. g3 Bg7 4. Bg2 O-O 5. O-O d6 6. Re1 Nbd7 7. e4 e5 8.
Nc3 a6 9. a4 b6 10. h3 Bb7 11. Bg5 h6 12. Bxf6 Bxf6 13. Qd2 Kh7 14. Rad1 Bc6
15. b3 Rb8 16. Qd3 b5 17. axb5 axb5 18. Nd5 Bg7 19. c3 f5 20. dxe5 Nc5 21.
Qc2 fxe4 22. Nh4 Bxe5 23. b4 Nd3 24. Rxe4 Bxd5 25. Qxd3 Bf7 26. f4 Bf6 27.
f5 g5 28. Ng6 Re8 29. Rde1 Rxe4 30. Bxe4 d5 31. Bf3 Qd6 32. Kg2 Re8 33. Rd1
c6 34. h4 gxh4 35. gxh4 Bxg6 36. fxg6+ Kg7 37. Qf5 Re5 38. Qg4 Re3 39. Rf1
Rxc3 40. Be2 Qe5 41. h5 Re3 42. Qd7+ Qe7 43. Qxe7+ Rxe7 44. Bf3 Re3 45. Rc1
Rc3 46. Re1 Rc4 47. Re6 Rxb4 48. Rxc6 Rb2+ 49. Kg3 d4 50. Kg4 Kg8 51. Rc8+
Kg7 52. Rc7+ Kg8 53. Rd7 {Black forfeits on time} 1-0

[Event "ICCopen2016"]
[Site "Internet Chess Club"]
[Date "2016.06.04"]
[Round "7"]
[White "kingsac"]
[Black "luckypawns"]
[Result "0-1"]
[ICCResult "White checkmated"]
[WhiteElo "1774"]
[BlackElo "1620"]
[Opening "Corn stalk defense"]
[ECO "B00"]
[NIC "VO.17"]
[Time "15:09:59"]
[TimeControl "180+0"]

1. e4 a5 2. d4 b6 3. c4 e6 4. f3 Ne7 5. Nc3 Bb7 6. Bd3 d5 7. e5 Ng6 8. Nge2
Bb4 9. O-O O-O 10. cxd5 exd5 11. f4 c5 12. f5 Ne7 13. a3 cxd4 14. axb4 dxc3
15. bxc3 axb4 16. Rxa8 Bxa8 17. cxb4 Nbc6 18. f6 Ng6 19. Bxg6 fxg6 20. Nf4
Qe8 21. Qxd5+ Kh8 22. f7 Qxe5 23. Qxe5 Nxe5 24. Ne6 Rxf7 25. Rxf7 Nxf7 26.
Be3 b5 27. Bd4 Nd6 28. Bxg7+ Kg8 29. Be5 Nc4 30. Bf4 Kf7 31. Nc7 Bc6 32. Kf2
Ke7 33. h4 Kf6 34. g4 Na3 35. Na6 Bb7 36. Nc5 Bc6 37. Ke3 Nc2+ 38. Kd2 Nxb4
39. Kc3 Nd5+ 40. Kd4 Nxf4 41. Na6 Ng2 42. Kc5 Be8 43. Nc7 Nxh4 44. Nxe8+ Kg5
45. Nf6 Kxf6 46. Kxb5 Kg5 47. Kc4 Kxg4 48. Kd3 Kf3 49. Kd4 g5 50. Ke5 g4 51.
Kf6 h5 52. Kg5 g3 53. Kxh4 g2 54. Kxh5 g1=Q 55. Kh6 Kf4 56. Kh7 Kf5 57. Kh8
Kf6 58. Kh7 Qg7# {White checkmated} 0-1

[Event "ICCopen2016"]
[Site "Internet Chess Club"]
[Date "2016.06.04"]
[Round "7"]
[White "Yedixon"]
[Black "peri00"]
[Result "1-0"]
[ICCResult "Black forfeits on time"]
[WhiteElo "1275"]
[BlackElo "1299"]
[Opening "Bird's opening"]
[ECO "A03"]
[NIC "VO.07"]
[Time "15:10:35"]
[TimeControl "180+0"]

1. f4 d5 2. Nf3 Nc6 3. e3 Bg4 4. Bb5 a6 5. Bxc6+ bxc6 6. h3 Bh5 7. g4 Bg6 8.
f5 Bxf5 9. gxf5 Qd6 10. Rg1 Nf6 11. d3 e5 12. Nc3 Be7 13. e4 dxe4 14. dxe4
Qc5 15. Rg2 Rd8 16. Qe2 Qa5 17. Bd2 Bb4 18. Qc4 Bxc3 19. Bxc3 Qb5 20. Qxb5
cxb5 21. Bxe5 c5 22. Bxf6 gxf6 23. Rd1 Ke7 24. Rxd8 Rxd8 25. Rd2 Rc8 26. Kf2
a5 27. e5 b4 28. exf6+ Kxf6 29. Rd5 a4 30. b3 a3 31. Ke3 c4 32. Kf4
{Black forfeits on time}
1-0

[Event "ICCopen2016"]
[Site "Internet Chess Club"]
[Date "2016.06.04"]
[Round "7"]
[White "SPARNALIQ"]
[Black "BlackHorse96"]
[Result "1-0"]
[ICCResult "Black forfeits on time"]
[WhiteElo "2897"]
[BlackElo "3145"]
[Opening "Alekhine's defense: modern, fianchetto variation"]
[ECO "B04"]
[NIC "AL.04"]
[Time "15:09:38"]
[TimeControl "180+0"]

1. e4 Nf6 2. e5 Nd5 3. d4 d6 4. Nf3 g6 5. exd6 cxd6 6. c4 Nb6 7. h3 Bg7 8.
Nc3 O-O 9. Be3 Nc6 10. Rc1 Bf5 11. Be2 d5 12. c5 Nc4 13. Bxc4 dxc4 14. O-O
Bd3 15. Re1 e6 16. Nb5 a6 17. Nd6 b5 18. b3 Rb8 19. bxc4 bxc4 20. Nxc4 Bxc4
21. Rxc4 Qd5 22. Qe2 a5 23. Rec1 Rb4 24. a3 Rb3 25. Qa2 Rfb8 26. Ra4 h5 27.
Nd2 Rc3 28. Qa1 Rd3 29. Nf3 Rbb3 30. Qa2 Bf6 31. Qe2 Kg7 32. Qa2 g5 33. Qe2
Rxa3 34. Rxa3 Rxa3 35. Ne5 Bxe5 36. dxe5 Qxe5 37. Rd1 Ra1 38. Qxh5 a4 39.
Rxa1 Qxa1+ 40. Kh2 Qe5+ 41. g3 Qf5 42. Qd1 Qe4 43. Bxg5 Ne5 44. h4 a3 45.
Qa1 Kg6 46. Qxa3 Nf3+ 47. Kh3 Ng1+ 48. Kh2 Nf3+ 49. Kh3 Ne5 50. f3 Nxf3 51.
Qe3 Qf5+ 52. g4 Ng1+ 53. Qxg1 Qd3+ 54. Qg3 Qd5 55. Kh2 Qd2+ 56. Bxd2 f5 57.
h5+ Kf6 58. Qf4 Kf7 59. Qg5 Ke8 60. Qf6 Kd7 61. Qxe6+ {Black forfeits on
time} 1-0

[Event "ICCopen2016"]
[Site "Internet Chess Club"]
[Date "2016.06.04"]
[Round "7"]
[White "UAE2002"]
[Black "GolfPro"]
[Result "1-0"]
[ICCResult "Black forfeits on time"]
[WhiteElo "1998"]
[BlackElo "1775"]
[Opening "Queen's pawn: Torre attack"]
[ECO "A46"]
[NIC "QP.04"]
[Time "15:10:00"]
[TimeControl "180+0"]

1. d4 Nf6 2. Nf3 e6 3. Bg5 Be7 4. Nbd2 h6 5. Bh4 d5 6. e3 O-O 7. Bd3 Nh7 8.
Bg3 Bd6 9. c3 b6 10. Qc2 Nf6 11. Ne5 Nbd7 12. f4 Qe7 13. Ndf3 c5 14. h4 c4
15. Be2 Ne4 16. Bf2 Bxe5 17. dxe5 Nxf2 18. Kxf2 Nc5 19. Kg1 Bb7 20. Nd4 a6
21. Rf1 Kh8 22. g4 Ne4 23. Rh3 f5 24. g5 b5 25. Kh2 Rg8 26. Bf3 Rad8 27. Qe2
g6 28. Bxe4 dxe4 29. h5 Rg7 30. hxg6 Rxg6 31. Qh5 Qh7 32. Rg1 Rdg8 33. Rh1
Bc8 34. Kg3 Kg7 35. Kf2 Kf7 36. R1h2 Qg7 37. Qd1 Bd7 38. b3 hxg5 39. Rh7 g4
40. Rxg7+ R8xg7 41. Kg3 Ke7 42. bxc4 bxc4 43. Qb1 Bb5 44. Qb4+ Kd7 45. Nxb5
axb5 46. Qxb5+ Ke7 47. Qb7+ Kd8 48. Qc6 Rg8 49. Qxc4 Kd7 50. Qb5+
{Black forfeits on time}
1-0

[Event "ICCopen2016"]
[Site "Internet Chess Club"]
[Date "2016.06.04"]
[Round "7"]
[White "TallTower"]
[Black "Biscuetz"]
[Result "0-1"]
[ICCResult "White checkmated"]
[WhiteElo "1898"]
[BlackElo "1580"]
[Opening "Réti opening"]
[ECO "A13"]
[NIC "QP.11"]
[Time "15:10:10"]
[TimeControl "180+0"]

1. Nf3 e6 2. c4 c5 3. d4 cxd4 4. Nxd4 a6 5. Nc3 Qc7 6. e4 Nf6 7. Be2 Bb4 8.
f3 Bxc3+ 9. bxc3 b6 10. Be3 Bb7 11. O-O O-O 12. Rb1 d6 13. Qb3 Nbd7 14. Rfd1
Rab8 15. Qc2 Ne5 16. Rb4 a5 17. Nb5 Qc8 18. Nxd6 Qc6 19. Rxb6 Qc7 20. c5 h6
21. Rdb1 Ba8 22. Qb3 Rbd8 23. Qb5 Nfd7 24. Ra6 Rb8 25. Rb6 Nxb6 26. cxb6
Qxd6 27. Bf4 f6 28. Qxa5 Rfc8 29. Ba6 Bb7 30. Bb5 Qc5+ 31. Kh1 Bc6 32. a4
Bxb5 33. Rxb5 Qxc3 34. Qxc3 Rxc3 35. Rb1 Ra3 36. a5 Rxa5 37. h3 Ra6 38. Rd1
Raxb6 39. Kh2 Rb1 40. Rd6 R8b2 41. Rd4 Nxf3+ 42. Kg3 Nxd4 43. Be3 e5 44. h4
Rb3 45. h5 Rxe3+ 46. Kg4 Rxe4+ 47. Kg3 Rb3+ 48. Kf2 Re2+ 49. Kf1 Rb1#
{White checkmated}
0-1

[Event "ICCopen2016"]
[Site "Internet Chess Club"]
[Date "2016.06.04"]
[Round "7"]
[White "fisek2007"]
[Black "cyborg86"]
[Result "0-1"]
[ICCResult "White forfeits on time"]
[WhiteElo "2437"]
[BlackElo "2059"]
[Opening "Queen's pawn: Keres defense"]
[ECO "A40"]
[NIC "QO.17"]
[Time "15:09:39"]
[TimeControl "180+0"]

1. d4 e6 2. c4 b6 3. Nf3 Bb7 4. g3 Bb4+ 5. Bd2 Bxd2+ 6. Nbxd2 f5 7. Bg2 Nf6
8. O-O O-O 9. Qc2 Qe7 10. Rae1 c5 11. dxc5 Qxc5 12. b3 Nc6 13. e4 fxe4 14.
Nxe4 Nxe4 15. Qxe4 Rf6 16. Ne5 Qe7 17. Qh4 Raf8 18. Nxc6 Bxc6 19. Bxc6 dxc6
20. Re2 Qc5 21. Kg2 a5 22. Qe4 a4 23. Qe3 Qb4 24. Rfe1 h6 25. f4 axb3 26.
axb3 c5 27. Qd3 Re8 28. Qd7 Ref8 29. Qb5 Qxb5 30. cxb5 Kf7 31. Ra1 Rd8 32.
Ra7+ Kg6 33. Rb7 Rd6 34. Kf3 Rf5 35. Re3 Rfd5 36. Rc7 Rd1 37. Rc6 Kf7 38.
Ke4 R1d4+ 39. Kf3 Rd2 40. Rc3 R6d3+ 41. Rxd3 Rxd3+ 42. Ke4 Rxb3 43. Rxb6 Kf6
44. Rb7 Rb4+ 45. Kd3 Rb2 46. Kc4 Rc2+ 47. Kb3 Rxh2 48. Rc7 Rg2 49. Rxc5
Rxg3+ 50. Kb4 Rg1 51. Rc3 Rg4 52. b6 Rxf4+ 53. Kb5 Rf1 54. Rc4 Rd1 55. b7
Rd8 56. Rc8 Rd5+ 57. Kc6 Rd1 58. b8=Q Rc1+ 59. Kd7 Rd1+ 60. Ke8 Re1 61. Rc7
Kg6 62. Rf7 Rf1 63. Qc7 Rxf7 {White forfeits on time} 0-1

[Event "ICCopen2016"]
[Site "Internet Chess Club"]
[Date "2016.06.04"]
[Round "7"]
[White "vidalnovich"]
[Black "TrendFriend"]
[Result "0-1"]
[ICCResult "White forfeits on time"]
[WhiteElo "1751"]
[BlackElo "2480"]
[Opening "Sicilian: Smith-Morra gambit"]
[ECO "B21"]
[NIC "OI.09"]
[Time "15:10:02"]
[TimeControl "180+0"]

1. d4 c5 2. e4 cxd4 3. Nf3 Nf6 4. e5 Nd5 5. c3 Nc6 6. cxd4 d6 7. Bc4 Nb6 8.
Bb5 dxe5 9. Nxe5 Bd7 10. Bxc6 Bxc6 11. Nxc6 bxc6 12. O-O e6 13. Nc3 Be7 14.
Be3 O-O 15. Qd2 Qd7 16. a3 Rfd8 17. Rfd1 Rab8 18. Qe2 Nd5 19. Ne4 h6 20.
Rac1 Bf8 21. Rc2 Rb6 22. Nd2 Bd6 23. Nc4 Rb5 24. Rdc1 Ne7 25. Bd2 Bc7 26.
Bc3 Nf5 27. Ne3 Bb6 28. Nxf5 Rxf5 29. h3 Rc8 30. Qe4 Rd5 31. Rd1 c5 32. Rcd2
cxd4 33. Bxd4 f5 34. Qe3 Rd8 35. Bxb6 axb6 36. Rxd5 exd5 37. Qd4 Qe6 38. Rd2
Kh7 39. Kh2 Rd6 40. g3 Kg6 41. Kg2 Qf6 42. h4 Qxd4 43. Rxd4 Kf6 44. Kf3 Ke5
45. Rb4 d4 46. Ke2 d3+ 47. Kd2 g5 48. a4 f4 49. gxf4+ gxf4 50. Rc4 Kf5 51.
b4 Kg4 52. a5 bxa5 53. bxa5 Kf3 54. Ra4 Ra6 55. Kxd3 h5 56. Kc3 Kg4 57. Kc4
Ra8 58. Kb5 Rc8 59. a6 Rb8+ 60. Kc6 Rb2 61. Kc7 Rc2+ 62. Kb8 Rb2+ 63. Kc7
Rc2+ 64. Kb8 Rb2+ 65. Kc7 Re2 66. a7 Re7+ 67. Kd8 Rh7 {White forfeits on
time} 0-1

[Event "ICCopen2016"]
[Site "Internet Chess Club"]
[Date "2016.06.04"]
[Round "7"]
[White "marianzaim"]
[Black "cloak1"]
[Result "0-1"]
[ICCResult "White checkmated"]
[WhiteElo "1932"]
[BlackElo "1815"]
[Opening "English: Neo-Catalan accepted"]
[ECO "A13"]
[NIC "RE.10"]
[Time "15:10:17"]
[TimeControl "180+0"]

1. c4 e6 2. g3 d5 3. Bg2 Nf6 4. Nf3 dxc4 5. O-O Bd7 6. Qc2 Bc6 7. Qxc4 Be7
8. d3 O-O 9. a3 Nbd7 10. Qc2 Nb6 11. Nbd2 Re8 12. b4 Ba4 13. Qb1 Nfd5 14.
Bb2 Bf6 15. Ne4 Be7 16. Nc3 Nxc3 17. Bxc3 Bc6 18. Qb2 Bf8 19. Qb3 Na4 20.
Bd2 Nb6 21. Rac1 Nd5 22. Ne5 Bd7 23. Nxd7 Qxd7 24. Qc4 c6 25. Rb1 Nb6 26.
Qc2 Bd6 27. Rfc1 Qe7 28. Qb3 Rac8 29. a4 Nd5 30. b5 c5 31. Re1 Nb4 32. Rbc1
Qf6 33. e4 Qd4 34. Be3 Qxd3 35. Qb1 Qxb1 36. Rxb1 Nc2 37. Re2 Nxe3 38. Rxe3
c4 39. Rc3 Be5 40. Rc2 c3 41. Rd1 Rcd8 42. Rxd8 Rxd8 43. f4 Bd4+ 44. Kf1 f6
45. e5 fxe5 46. fxe5 b6 47. Bh3 Kf7 48. Ke2 Ke7 49. Kf3 Bxe5 50. Ke4 Bf6 51.
Bg4 Rd4+ 52. Kf3 Rxa4 53. h3 Rb4 54. Ke2 Rxb5 55. Kd3 Rb2 56. Bf3 Rxc2 57.
Kxc2 Kd6 58. Kb3 Kc5 59. Be4 b5 60. Bxh7 a5 61. Bg8 a4+ 62. Kc2 b4 63. Bxe6
b3+ 64. Kc1 Kb4 65. g4 c2 66. h4 Bxh4 67. Bf7 Kc3 68. Bxb3 axb3 69. g5 b2#
{White checkmated}
0-1

[Event "ICCopen2016"]
[Site "Internet Chess Club"]
[Date "2016.06.04"]
[Round "7"]
[White "pagoda"]
[Black "dafresh"]
[Result "0-1"]
[ICCResult "White resigns"]
[WhiteElo "1898"]
[BlackElo "2218"]
[Opening "Dunst (Sleipner, Heinrichsen) opening"]
[ECO "A00"]
[NIC "VO.15"]
[Time "15:10:48"]
[TimeControl "180+0"]

1. Nc3 d5 2. e4 dxe4 3. Nxe4 Nf6 4. Nxf6+ gxf6 5. d4 Bf5 6. Bd3 Bg6 7. Ne2
Nd7 8. h4 e5 9. h5 Bxd3 10. Qxd3 Bd6 11. Bd2 Qe7 12. O-O-O O-O-O 13. Ng3 Qe6
14. Kb1 exd4 15. Rhe1 Qd5 16. Qe4 Nb6 17. Qxd5 Nxd5 18. Nf5 Be5 19. g3 c5
20. f4 Bc7 21. Ne7+ Nxe7 22. Rxe7 Rd7 23. Rde1 Bd6 24. R7e4 Rg8 25. Rg1 f5
26. Re2 c4 27. Reg2 Bc5 28. Re1 d3 29. c3 Re7 30. Rxe7 Bxe7 31. Kc1 Kd7 32.
Kd1 Bc5 33. b3 b5 34. Ke1 a5 35. Kf1 cxb3 36. axb3 a4 37. bxa4 bxa4 38. Bc1
a3 {White resigns} 0-1

[Event "ICCopen2016"]
[Site "Internet Chess Club"]
[Date "2016.06.04"]
[Round "7"]
[White "goran-esyu"]
[Black "florish"]
[Result "0-1"]
[ICCResult "White checkmated"]
[WhiteElo "2224"]
[BlackElo "1964"]
[Opening "Robatsch (modern) defense"]
[ECO "B07"]
[NIC "VO.17"]
[Time "15:09:50"]
[TimeControl "180+0"]

1. e4 d6 2. d4 g6 3. Nc3 Bg7 4. h3 c6 5. Nge2 b5 6. Ng3 h5 7. Be3 Bb7 8. Qd2
Nd7 9. f4 h4 10. Nge2 Nb6 11. b3 Nf6 12. d5 b4 13. dxc6 Bxc6 14. e5 Nfd7 15.
Nd4 bxc3 16. Qxc3 Bd5 17. O-O-O Rc8 18. Qa5 dxe5 19. Nb5 Be4 20. c4 exf4 21.
Bxf4 O-O 22. Nxa7 Ra8 23. c5 e6 24. cxb6 Qf6 25. Be5 Nxe5 26. Be2 Qf4+ 27.
Kb2 Nc4# {White checkmated} 0-1

[Event "ICCopen2016"]
[Site "Internet Chess Club"]
[Date "2016.06.04"]
[Round "7"]
[White "kolding"]
[Black "majasystem"]
[Result "0-1"]
[ICCResult "White forfeits on time"]
[WhiteElo "1695"]
[BlackElo "2156"]
[Opening "Scotch: Mieses variation"]
[ECO "C45"]
[NIC "SO.04"]
[Time "15:10:15"]
[TimeControl "180+0"]

1. e4 e5 2. Nf3 Nc6 3. d4 exd4 4. Nxd4 Nf6 5. Nxc6 bxc6 6. e5 Qe7 7. Qe2 Nd5
8. c4 Ba6 9. b3 Qh4 10. Bb2 Bb4+ 11. Nd2 Nc3 12. Bxc3 Bxc3 13. O-O-O Qe7 14.
f4 Qa3+ 15. Kc2 Qb2+ 16. Kd3 d5 17. Nb1 dxc4+ 18. bxc4 O-O-O+ 19. Ke3 Bd4+
20. Kf3 Qb7 21. Qe4 Qb6 22. Bd3 c5 23. Nd2 Bb7 24. Rb1 Bxe4+ 25. Bxe4 Qh6
26. Bf5+ Rd7 27. Ne4 g6 28. Bg4 f5 29. exf6 Kd8 30. Bxd7 Kxd7 31. Ng5 Re8
32. Rbe1 Rxe1 33. Rxe1 Qxh2 34. Re7+ Kc6 35. Re6+ Kb7 36. Ne4 Qh5+ 37. g4
Qh3+ 38. Ng3 Qh2 39. Re7 Qf2+ {White forfeits on time} 0-1